 Dungeon Crawl Stone Soup version 0.30-a0-618-gd6c86c23d0 (webtiles) character file.

Game seed: 18309175471267394309

569 acebull12 the Ruffian (level 7, -4/68 HPs)
             Began as a Troll Cinder Acolyte on Jan 10, 2023.
             Was an Elder of Ignis.
             Slain by a phantom (7 damage)
             ... on level 5 of the Dungeon on Jan 11, 2023.
             The game lasted 00:06:54 (3517 turns).

acebull12 the Ruffian (Troll Cinder Acolyte)        Turns: 3517, Time: 00:06:54

Health: -4/68      AC:  4    Str: 25    XL:     7   Next: 11%
Magic:  7/7        EV:  9    Int: 10    God:    Ignis [****..]
Gold:   270        SH:  0    Dex:  5    Spells: 8/8 levels left

rFire   + . .      SeeInvis .      - Unarmed
rCold   . . .      Faith    .    (no shield)
rNeg    . . .      Spirit   .    a - +0 robe
rPois   .          Reflect  .    v - +0 hat
rElec   .          Harm     .    (no cloak)
rCorr   .          Rampage  .    (gloves unavailable)
Will    .....                    (boots unavailable)
Stlth   +                        (no amulet)
HPRegen 1.11/turn                (no ring)
MPRegen 0.10/turn                (no ring)

@: no status effects
A: large, unfitting armour, claws 3, regeneration 1, shaggy fur 1, tough skin 1
a: Renounce Religion, Fiery Armour, Foxfire Swarm, Rising Flame


You were on level 5 of the Dungeon.
You worshipped Ignis.
Ignis was greatly pleased with you.
You visited 1 branch of the dungeon, and saw 5 of its levels.

You collected 270 gold pieces.

Inventory:

Missiles
 i - 43 stones (quivered)
Armour
 a - a +0 robe (worn)
 v - a +0 hat (worn)
Jewellery
 j - a ring of positive energy
Wands
 d - a wand of paralysis (7)
 r - a wand of mindburst (16)
Scrolls
 g - 2 scrolls of enchant weapon
 m - a scroll of immolation
 n - 3 scrolls of teleportation
 o - 3 scrolls of fear {unknown}
 q - 2 scrolls of noise {unknown}
 t - a scroll of amnesia {unknown}
 w - a scroll of torment {unknown}
 x - a scroll of poison {unknown}
Potions
 b - 2 potions of mutation
 c - a potion of magic {unknown}
 e - 2 potions of haste
 f - 3 potions of curing
 h - 2 potions of attraction {unknown}
 k - 3 potions of invisibility {unknown}
 l - a potion of heal wounds {unknown}
 p - a potion of might {unknown}
 s - a potion of flight {unknown}
 u - a potion of resistance {unknown}


   Skills:
 * Level 3.7 Fighting
 * Level 3.0 Dodging
 + Level 0.1 Stealth
 * Level 6.2 Unarmed Combat
 - Level 1.0 Spellcasting
 - Level 2.1 Fire Magic


You had 8 spell levels left.
You didn't know any spells.
Your spell library contained the following spells:

 Spells                   Type           Power      Damage    Failure   Level
 Scorch                   Fire           8%         2d5       22%         2
 Slow                     Hex            0%         N/A       34%         1
 Ignite Poison            Fire/Tmut/Pois 1%         N/A       61%         3
 Kindle Blastsparks       Fire/Tloc/Air  2%         2d10      61%         3
 Confusing Touch          Hex            0%         N/A       71%         3
 Hailstorm                Conj/Ice       0%         3d3       71%         3
 Vampiric Draining        Necr           0%         2d6       71%         3
 Ice Form                 Ice/Tmut       0%         N/A       98%         4
 Freezing Cloud           Conj/Ice/Air   0%         6-21      100%        5
 Simulacrum               Ice/Necr       0%         N/A       100%        6


Dungeon Overview and Level Annotations

Branches:
Dungeon (5/15)
 Temple: D:4-7

Altars:
Ashenzari
Cheibriados
Kikubaaqudgha
Nemelex Xobeh
Sif Muna

Shops:
D:3 *

Annotations:
D:3 1 runed translucent door, crescentfresh's ghost, amateur TeCj


Innate Abilities, Weirdness & Mutations

You are too large for most types of armour.
You have claws for hands.
Your natural rate of healing is unusually fast.
You are covered in fur. (AC +1)
You have tough skin. (AC +1)


Message History

The phantom barely misses you. The phantom closely misses you.
The phantom barely misses you. The phantom hits you.
The phantom blinks!
You blink.
The phantom closely misses you. The phantom closely misses you.
The phantom hits you. The phantom hits you. The phantom closely misses you.
The phantom hits you but does no damage.
The phantom hits you but does no damage.
The phantom hits you! The phantom closely misses you. The phantom hits you.
The phantom closely misses you. The phantom hits you!
The phantom blinks!
You blink.
The phantom barely misses you. The phantom hits you. The phantom hits you.
The phantom blinks!
You blink.
The phantom hits you.
* * * LOW HITPOINT WARNING * * *
The phantom completely misses you. The phantom hits you.
* * * LOW HITPOINT WARNING * * *
The phantom hits you but does no damage.
The phantom barely misses you. The phantom hits you.
* * * LOW HITPOINT WARNING * * *
The phantom blinks!
You blink.
The phantom hits you but does no damage.
The phantom hits you.
* * * LOW HITPOINT WARNING * * *
The phantom hits you.
* * * LOW HITPOINT WARNING * * *
The phantom hits you but does no damage.
The phantom hits you.
* * * LOW HITPOINT WARNING * * *
The phantom blinks!
You blink.
The phantom hits you!
You die...

$.<.... #..#...##.
.:....... #.#.....#.
#..#..#.# ##......'.
#...#...# #.....##.
#.#..#..# ##....##.
#..#..#.# #....#..
#...#...# #....#..
#.#W.#..# ##...#..
#..#@.#.# ##...###
#...#...# #....#..
#.#(.#..# ###'##..
###..#..#.# #.......
#.§...#...# #.......
#.§#.#..#..##
#.......
###..##..#..#..#
#.......
#...####.......#
#....... #....
##.....######.####..


You could see a phantom.

Vanquished Creatures
  Edmund (D:4)
  Duvessa (D:4)
  A black bear (D:5)
  Dowan (D:4)
  A hound (D:5)
  Ijyb (D:3)
  Jessica (D:3)
  A gnoll (D:1)
  6 adders
  3 worms
  2 dart slugs
  2 orcs (D:3)
  5 ball pythons
  2 bats
  6 endoplasms
  9 goblins
  3 hobgoblins
  8 kobolds
  5 quokkas
  5 frilled lizards
  2 rats (D:1)
66 creatures vanquished.

Vanquished Creatures (others)
  33 foxfires (D:4)
33 creatures vanquished.

Grand Total: 99 creatures vanquished

Notes
Turn   | Place    | Note
-------+----------+-------------------------------------------
     0 | D:1      | acebull12 the Troll Cinder Acolyte began the quest for the
                  | Orb.
     0 | D:1      | Reached XP level 1. HP: 22/22 MP: 1/1
   104 | D:1      | Reached XP level 2. HP: 27/29 MP: 2/2
   461 | D:1      | Reached XP level 3. HP: 37/37 MP: 3/3
   988 | D:2      | Found a faded altar of an unknown god.
  1018 | D:2      | You fall into a shaft and drop 1 floor!
  1557 | D:3      | Reached skill level 1 in Dodging
  1557 | D:3      | Reached XP level 4. HP: 45/45 MP: 4/4
  1562 | D:3      | Noticed Jessica
  1565 | D:3      | Found Vaichevvo's General Store.
  1583 | D:3      | Killed Jessica
  1584 | D:3      | Reached skill level 4 in Unarmed Combat
  1716 | D:3      | Found a runed translucent door.
  1771 | D:3      | Found a shimmering blue altar of Sif Muna.
  1771 | D:3      | Found an ancient bone altar of Kikubaaqudgha.
  1815 | D:3      | Found a snail-covered altar of Cheibriados.
  1863 | D:3      | Noticed crescentfresh's ghost (amateur TeCj)
  1864 | D:3      | Noticed an ice beast
  1927 | D:3      | Found a sparkling altar of Nemelex Xobeh.
  1929 | D:3      | Noticed Ijyb
  1980 | D:3      | Killed Ijyb
  1981 | D:3      | Reached XP level 5. HP: 43/53 MP: 5/5
  2003 | D:3      | Found a broken altar of Ashenzari.
  2237 | D:4      | Noticed Edmund
  2380 | D:4      | Killed Edmund
  2381 | D:4      | Reached skill level 5 in Unarmed Combat
  2558 | D:4      | Reached XP level 6. HP: 57/61 MP: 6/6
  2634 | D:4      | Noticed Dowan
  2635 | D:4      | Noticed Duvessa
  2641 | D:4      | Killed Dowan
  2648 | D:4      | Killed Duvessa
  3121 | D:5      | Entered Level 5 of the Dungeon
  3288 | D:5      | Reached skill level 6 in Unarmed Combat
  3288 | D:5      | Reached XP level 7. HP: 66/68 MP: 7/7
  3516 | D:5      | HP: 2/68 [phantom (6)]
  3517 | D:5      | Slain by a phantom

Illustrated notes

Levels and vault maps discovered:
D:1:      minmay_arrival_jagged, layout_basic, minmay_ruptured
D:2:      layout_basic, shapermc_ecumenical_altar_venn
D:3:      layout_rooms, ashenzari_altar_1, mainiacjoe_overflow_alcove_2,
          lemuel_tele_altar, nicolae_overflow_two_pavilions, serial_shops, shop,
          ebering_ghost_inner_flame, dk_vineyard_2, uniq_ijyb, uniq_jessica
D:4:      layout_basic, uniq_duvessa, uniq_edmund
D:5:      layout_gridville, hangedman_decor_slide_cut, minmay_misc_feat_five,
          minmay_misc_feat_diagonals, uniq_blork_the_orc

Skill      XL: |  1  2  3  4  5  6 |
---------------+-------------------+-----
Fighting       | 3 |  3.7
Dodging        | 1 2 3 |  3.0
Unarmed Combat | 4 5 6 |  6.2
Stealth        | |  0.1
Spellcasting   | |  1.0
Fire Magic     | |  2.1

Action                   |  1- 3 |  4- 6 |  7- 9 || total
-------------------------+-------+-------+-------++-------
Melee: Unarmed           |    92 |   117 |     1 ||   210
       Punch             |     3 |     3 |       ||     6
Invok: Foxfire Swarm     |       |     2 |       ||     2
  Use: Scroll            |       |     6 |       ||     6
Armor: Robe              |    33 |    26 |    21 ||    80
Dodge: Dodged            |    36 |    48 |    37 ||   121

Table legend: (Time is in decaauts)
 A = Elapsed time spent in this place.
 B = Non-inter-level travel time spent in this place.
 C = Inter-level travel time spent in this place.
 D = Time resting spent in this place.
 E = Time spent auto-exploring this place.
 F = Levels seen in this place.
 G = Mean time per level.
                   A        B        C        D        E       F      G
               +--------+--------+--------+--------+--------+-----+--------+
         Total |   3504 |   3012 |    492 |    145 |   2188 |   5 |  700.8 |
       Dungeon |   3504 |   3012 |    492 |    145 |   2188 |   5 |  700.8 |
               +--------+--------+--------+--------+--------+-----+--------+

Top non-repeatable levels by time:
     D:4: 921 daAuts
     D:1: 867 daAuts
     D:3: 742 daAuts
     D:2: 644 daAuts
     D:5: 328 daAuts
